 Dungeon Crawl Stone Soup version 0.23.0 (webtiles) character file.

Game seed: 12781361822255178396

11 puppykicker the Grave Robber (level 2, -1/23 HPs)
             Began as a Minotaur Necromancer on Feb 18, 2019.
             Slain by a goblin
             ... wielding a +1 dagger of venom
              (2 damage)
             ... on level 1 of the Dungeon.
             The game lasted 00:01:22 (215 turns).

puppykicker the Grave Robber (Minotaur Necromancer)  Turns: 215, Time: 00:01:23

Health: -1/23      AC:  2    Str: 12    XL:     2   Next: 13%
Magic:  3/3        EV: 12    Int: 12    God:
Gold:   0          SH:  0    Dex: 10    Spells: 2/4 levels left

rFire    . . .     SeeInvis .   a - +0 dagger
rCold    . . .     Gourm    .   (no shield)
rNeg     . . .     Faith    .   d - +0 robe
rPois    .         Spirit   .   (helmet restricted)
rElec    .         Reflect  .   (no cloak)
rCorr    .         Harm     .   (no gloves)
MR       .....                  (no boots)
Stlth    ++........             (no amulet)
HPRegen  0.07/turn              (no ring)
MPRegen  0.08/turn              (no ring)

@: no status effects
A: retaliatory headbutt, horns 2
a: no special abilities


You were on level 1 of the Dungeon.
You were not hungry.

You visited 1 branch of the dungeon, and saw 1 of its levels.


Innate Abilities, Weirdness & Mutations

You reflexively headbutt those who attack you in melee.
You have a pair of horns on your head.


   Skills:
 + Level 1.1 Fighting
 - Level 2.1 Dodging
 - Level 1.5 Stealth
 + Level 1.6 Spellcasting
 + Level 3.1 Necromancy


You had 2 spell levels left.
You knew the following spells:

 Your Spells              Type           Power        Failure   Level  Hunger
a - Pain                  Necr           #...         8%          1    ##.....
z - Animate Skeleton      Necr           N/A          8%          1    ##.....

Your spell library contained the following spells:

 Spells                   Type           Power        Failure   Level  Hunger
 Vampiric Draining        Necr           #.........   24%         3    ####...
 Regeneration             Chrm/Necr      #.........   41%         3    ####...
 Animate Dead             Necr           N/A          61%         4    #####..

Inventory:

Hand Weapons
 a - a +0 dagger (weapon)
Armour
 d - a +0 robe (worn)
Comestibles
 b - 5 chunks of flesh {@w1}
 c - a ration

Dungeon Overview and Level Annotations

Branches:
Dungeon (1/15)

Altars:

#.........##.# #.######...##
#............###....##P...P#
#.........##[.##.....##...##
#....................#P...P#
#.........#..........##...##
#########.r.Z........#P...P#
####........###...##
#...g##.....#P...P#
###....@#.....##...#####
.........................
.#####.##....######......
..##.##....# ##.###.#
...........#####.......
.....(.................
...........#####.......
.........?.# #.......
...........# #.......


You could see a goblin, a rat and a friendly hobgoblin skeleton.


Message History

* * * LOW HITPOINT WARNING * * *
You feel sick.
A bat comes into view.
A leopard gecko comes into view.
The bat hits you.
* * * LOW HITPOINT WARNING * * *
* * * LOW HITPOINT WARNING * * *
You feel sick. The bat barely misses you. You furiously retaliate!
You headbutt the bat!
You kill the bat!
Your Fighting skill increases to level 1!
You have reached level 2!
The leopard gecko hisses angrily.
You barely miss the leopard gecko. The leopard gecko misses you.
You furiously retaliate!
You headbutt the leopard gecko!
You kill the leopard gecko!
Unknown command.
A rat comes into view.
You see here a leopard gecko corpse.
* * * LOW HITPOINT WARNING * * *
You feel sick.
* * * LOW HITPOINT WARNING * * *
You feel sick.
There are monsters nearby!
Unknown command.
* * * LOW HITPOINT WARNING * * *
You feel sick.
You are no longer poisoned.
The goblin hits you with a +1 dagger of venom.
You die...

Action                   || total
-------------------------++-------
Melee: Dagger            ||    11
       Headbutt          ||     2
       Unarmed           ||     1
 Cast: Pain              ||     3
       Animate Skeleton  ||     1
Armor: Robe              ||     1
Dodge: Dodged            ||     8

Levels and vault maps discovered:
D:1:      minmay_arrival_plants_in_alcoves, layout_rooms, wad_floor_pattern_2

Notes
Turn   | Place    | Note
-------+----------+-------------------------------------------
     0 | D:1      | puppykicker the Minotaur Necromancer began the quest for
                  | the Orb.
     0 | D:1      | Reached XP level 1. HP: 14/14 MP: 1/1
     7 | D:1      | Reached skill level 3 in Necromancy
    64 | D:1      | Learned a level 1 spell: Animate Skeleton
   203 | D:1      | Reached skill level 1 in Fighting
   203 | D:1      | Reached XP level 2. HP: 3/23 MP: 3/3
   211 | D:1      | HP: 2/23 [poisoned by a goblin]
   215 | D:1      | Slain by a goblin

Vanquished Creatures
  A dart slug (D:1)
  A leopard gecko (D:1)
  A bat (D:1)
  2 giant cockroaches (D:1)
  A hobgoblin (D:1)
  A frilled lizard (D:1)
7 creatures vanquished.
